 Dungeon Crawl Stone Soup version 0.28-a0-1213-g0243856f03 (webtiles) character file.

Game seed: 11293709570423168657

22 Zonian the Grave Robber (level 2, 0/19 HPs)
             Began as a Demonspawn Wanderer on Dec 22, 2021.
             Was a Follower of Vehumet.
             Frozen to death by an endoplasm (5 damage)
             ... on level 1 of the Dungeon.
             The game lasted 00:01:57 (1589 turns).

Zonian the Grave Robber (Demonspawn Wanderer)       Turns: 1589, Time: 00:01:58

Health: 0/19       AC:  2    Str: 10    XL:     2   Next: 68%
Magic:  3/5        EV: 11    Int: 12    God:    Vehumet [*.....]
Gold:   44         SH:  0    Dex: 15    Spells: 4/5 levels left

rFire   . . .      SeeInvis .   d - +0 short sword (speed)
rCold   . . .      Faith    .   (no shield)
rNeg    . . .      Spirit   .   b - +0 robe
rPois   .          Reflect  .   (no helmet)
rElec   .          Harm     .   (no cloak)
rCorr   .          Rampage  .   (no gloves)
Will    .....                   (no boots)
Stlth   +.........              (no amulet)
HPRegen 0.06/turn               (no ring)
MPRegen 0.09/turn               (no ring)

@: no status effects
A: demonic guardian 1
a: Renounce Religion


You were on level 1 of the Dungeon.
You worshipped Vehumet.
Vehumet was aware of your devotion.
You visited 1 branch of the dungeon, and saw 1 of its levels.

You collected 44 gold pieces.

Inventory:

Hand Weapons
 a - a +0 dagger
 d - a +0 short sword of speed (weapon)
Armour
 b - a +0 robe (worn)
Wands
 c - a wand of flame (4) (quivered)
Potions
 e - a potion of lignification {unknown}


   Skills:
 + Level 2.3 Spellcasting
 + Level 3.2 Conjurations
 + Level 3.6 Necromancy
 + Level 2.3 Evocations


You had 4 spell levels left.
You knew the following spells:

 Your Spells              Type           Power      Damage    Failure   Level
a - Pain                  Necr           40%        1d6       6%          1

Your spell library contained the following spells:

 Spells                   Type           Power      Damage    Failure   Level
 Sandblast                Erth           2%         2d4       26%         1
 Magic Dart               Conj           36%        1d4       7%          1
 Shock                    Conj/Air       20%        1d4       14%         1
 Vampiric Draining        Necr           10%        2d6       19%         3
 Mephitic Cloud           Conj/Pois/Air  4%         N/A       45%         3


Dungeon Overview and Level Annotations

Branches:
Dungeon (1/15)

Altars:
Vehumet


Innate Abilities, Weirdness & Mutations

A weak demonic guardian rushes to your aid.


Message History

Vehumet accepts your kill. The rat bites you.
An endoplasm comes into view.
The endoplasm quivers.
The rat barely misses you.
You hit the rat.
You kill the rat!
Vehumet accepts your kill. The goblin barely misses you.
You see here a rat corpse.
Unknown command.
You hit the goblin.
The goblin is moderately wounded.
The goblin hits you with a +0 dagger.
You closely miss the goblin.
The goblin is moderately wounded.
The goblin hits you with a +0 dagger.
You completely miss the goblin.
The goblin is moderately wounded.
You closely miss the goblin.
The goblin is moderately wounded.
The goblin hits you with a +0 dagger.
Casting: Pain (safe; 6% risk of failure)
Confirm with . or Enter, or press ? or * to list all spells.
Aiming: Pain (safe; 6% risk of failure)
Press: ? - help, Shift-Dir - straight line, f - endoplasm
Aim: an endoplasm (chance to affect: 78%)
The endoplasm writhes in agony.
The goblin hits you but does no damage.
The endoplasm hits you but does no damage.
Unknown command.
Casting: Pain (safe; 6% risk of failure)
Confirm with . or Enter, or press ? or * to list all spells.
Aiming: Pain (safe; 6% risk of failure)
Press: ? - help, Shift-Dir - straight line, f/p - endoplasm
Aim: an endoplasm (severely wounded, chance to affect: 78%)
The endoplasm barely resists.
The goblin hits you with a +0 dagger.
* * * LOW HITPOINT WARNING * * *
The endoplasm freezes you.
You are frozen.
You die...

######### #.......#
........# ........#
........#############
..........Bg@J.......
..........########...
........#.##
#.....######
#########..#
#........... ##.#
#......####. #.##
#......# #. #..##
#......# #.
#...#######....# #.
#.....≈≈≈≈#....####.


You could see an endoplasm, a giant cockroach and a goblin.

Vanquished Creatures
  A gnoll (D:1)
  A dart slug (D:1)
  2 endoplasms (D:1)
  A hobgoblin (D:1)
  2 ball pythons (D:1)
  2 bats (D:1)
  A frilled lizard (D:1)
  A kobold (D:1)
  A rat (D:1)
12 creatures vanquished.

Notes
Turn   | Place    | Note
-------+----------+-------------------------------------------
     0 | D:1      | Zonian the Demonspawn Wanderer began the quest for the Orb.
     0 | D:1      | Zonian set off with the following items: a +0 dagger, a +0
                  | robe, a wand of flame (5); and the following spells
                  | available to memorise: Pain, Magic Dart, Shock, Vampiric
                  | Draining, Mephitic Cloud
     0 | D:1      | Reached XP level 1. HP: 13/13 MP: 3/3
     2 | D:1      | Learned a level 1 spell: Pain
   542 | D:1      | Found a faded altar of an unknown god.
   551 | D:1      | Prayed at the altar of an unknown god.
   551 | D:1      | Became a worshipper of Vehumet
   551 | D:1      | Reached * piety under Vehumet
   551 | D:1      | Offered knowledge of Sandblast by Vehumet.
   697 | D:1      | Gained mutation: A weak demonic guardian rushes to your
                  | aid. [demonic ancestry]
   697 | D:1      | Reached XP level 2. HP: 3/19 MP: 0/5
  1589 | D:1      | Frozen to death by an endoplasm

Illustrated notes

Levels and vault maps discovered:
D:1:      dpeg_arrival_pond, layout_basic, serial_glass, glass_columns_a,
          glass_columns_b, shapermc_ecumenical_altar_totnotflames

Action                   || total
-------------------------++-------
Melee: Short sword       ||    42
       Dagger            ||     2
 Cast: Pain              ||     9
Evoke: Wand              ||     1
  Use: Scroll            ||     1
 Stab: Sleeping          ||     2
Armor: Robe              ||    14
Dodge: Dodged            ||    36

Table legend: (Time is in decaauts)
 A = Elapsed time spent in this place.
 B = Non-inter-level travel time spent in this place.
 C = Inter-level travel time spent in this place.
 D = Time resting spent in this place.
 E = Time spent auto-exploring this place.
 F = Levels seen in this place.
 G = Mean time per level.
                   A        B        C        D        E       F      G
               +--------+--------+--------+--------+--------+-----+--------+
         Total |   1577 |   1577 |      0 |   1166 |    293 |   1 | 1577.0 |
       Dungeon |   1577 |   1577 |      0 |   1166 |    293 |   1 | 1577.0 |
               +--------+--------+--------+--------+--------+-----+--------+

Top non-repeatable levels by time:
     D:1: 1577 daAuts
